 Dungeon Crawl Stone Soup version 0.31.0-12-g77e489cdc1 (webtiles) character file.

Game seed: 9864104676101890305

28561 Cheops the Grappler (level 13, -15/104 HPs)
             Began as a Troll Shapeshifter on Feb 20, 2024.
             Was a Follower of Uskayaw.
             Demolished by a death yak (22 damage)
             ... on level 1 of the Lair of Beasts.
             The game lasted 01:13:14 (11305 turns).

Cheops the Grappler (Troll Shapeshifter)           Turns: 11305, Time: 01:13:15

Health: -15/104    AC: 12    Str: 27    XL:     13   Next: 10%
Magic:  0/18       EV:  9    Int:  9    God:    Uskayaw [*.....]
Gold:   829        SH:  0    Dex: 11    Spells: 12/12 levels left

rFire   . .          .
                       - Unarmed
rCold   . . .        (shield currently unavailable)
rNeg    . . .        P - +0 troll leather armour
rPois   .            j - +2 hat {Int+3}
rElec   .            v - +2 cloak
rCorr   .            (gloves unavailable)
SInv    .            (boots unavailable)
Will    .....        u - amulet of guardian spirit
Stlth   +            n - +4 ring of slaying
HPRegen 1.97/turn    C - +4 ring of protection
MPRegen 0.16/turn

%: guardian spirit
@: blade hands
A: large, unfitting armour, (claws 3), regeneration 1, shaggy fur 1, tough skin
1
a: Begin Untransformation, Renounce Religion, Stomp


You were on level 1 of the Lair of Beasts.
You worshipped Uskayaw.
Uskayaw was aware of your devotion.
You had blades for hands.
You visited 2 branches of the dungeon, and saw 14 of its levels.
You also visited: Bailey.

You collected 1535 gold pieces.
You spent 706 gold pieces at shops.

Inventory:

Armour
 j - a +2 hat of intelligence (worn)
 m - +0 acid dragon scales
 v - a +2 cloak (worn)
 z - a scarf of invisibility
 D - the +0 robe of Boantupe {rF+ rCorr SInv}
   (You acquired it on level 7 of the Dungeon)

   rF+:       It protects you from fire.
   SInv:      It lets you see invisible.
   rCorr:     It protects you from acid and corrosion.
 P - a +0 troll leather armour (worn)
Jewellery
 n - a +4 ring of slaying (left blade hand)
 r - a ring of flight
 u - an amulet of guardian spirit (around neck)
 C - a +4 ring of protection (right blade hand)
 E - the ring of Fedhas's Approval {Ice rN+}
   (You acquired it on level 7 of the Dungeon)

   [ring of ice]

   Ice:       It enhances your ice magic.
   rF-:       It makes you vulnerable to fire.
   rC+:       It protects you from cold.
   rN+:       It protects you from negative energy.
 I - a ring of protection from fire
 J - a ring of fire
 N - a ring of willpower
 S - a ring of ice
Talismans
 a - a beast talisman
 b - a flux talisman
 c - a serpent talisman
 d - a maw talisman
 e - a blade talisman (active)
 f - a dragon-blood talisman
Wands
 g - a wand of mindburst (16)
 k - a wand of flame (24)
 o - a wand of polymorph (12)
 y - a wand of acid (14)
 X - a wand of roots (4)
Scrolls
 l - 4 scrolls of teleportation
 s - a scroll of vulnerability
 w - a scroll of butterflies
 x - 3 scrolls of immolation
 H - a scroll of torment
 K - a scroll of noise
 O - a scroll of fog
 W - 2 scrolls of silence
Potions
 h - 5 potions of enlightenment {unknown}
 i - a potion of brilliance
 p - 8 potions of heal wounds
 q - 9 potions of haste {unknown}
 t - 2 potions of attraction
 A - 8 potions of curing
 B - 2 potions of cancellation {unknown}
 F - 2 potions of resistance {unknown}
 G - a potion of mutation {unknown}
 L - 5 potions of lignification
 M - 4 potions of magic {unknown}
 R - a potion of might
 T - a potion of berserk rage {unknown}
 V - a potion of ambrosia


   Skills:
 - Level 0.7 Fighting
 - Level 1.5 Dodging
 + Level 14.1 Unarmed Combat
 - Level 9.1 Invocations
 - Level 2.0 Evocations
 * Level 13.6 Shapeshifting


You had 12 spell levels left.
You didn't know any spells.
Your spell library contained the following spells:

 Spells                   Type           Power      Damage    Failure   Level
 Apportation              Tloc           0%         N/A       41%         1
 Summon Small Mammal      Summ           0%         N/A       41%         1
 Blink                    Tloc           0%         N/A       56%         2
 Ensorcelled Hibernation  Hex/Ice        0%         N/A       56%         2
 Jinxbite                 Hex            0%         N/A       56%         2
 Lesser Beckoning         Tloc           0%         N/A       56%         2
 Momentum Strike          Conj/Tloc      0%         3d8       56%         2
 Call Canine Familiar     Summ           0%         N/A       80%         3
 Fugue of the Fallen      Necr           0%         N/A       80%         3
 Volatile Blastmotes      Fire/Tloc      0%         2d10      80%         3
 Anguish                  Hex/Necr       0%         N/A       99%         4
 Fulminant Prism          Conj/Alch      0%         3d5       99%         4
 Iskenderun's Mystic Bla  Conj/Tloc      0%         2d3       99%         4
 Summon Blazeheart Golem  Fire/Summ      0%         N/A       99%         4
 Alistair's Intoxication  Alch           0%         N/A       100%        5
 Conjure Ball Lightning   Conj/Air       0%         3x3d6     100%        6
 Discord                  Hex            0%         N/A       100%        8
 Disjunction              Tloc           0%         N/A       100%        8


Dungeon Overview and Level Annotations

Branches:
Dungeon (13/15)            Temple (0/1) D:6            Lair (1/5) D:8
    Orc (0/2) D:11         Bailey (visited)
 Vaults: D:13-14

Altars:
Ashenzari
Cheibriados
Dithmenos
Hepliaklqana
Nemelex Xobeh
Okawaru
Qazlal
Trog
Uskayaw
Vehumet
Yredelemnul
Zin

Shops:
D:7 =   D:9 (   D:11 [   D:13 **!!:

Annotations:
D:7 1 runed translucent door
D:12 2 transporters, Boumedi's ghost, journeyman DjHW


Innate Abilities, Weirdness & Mutations

You have blades for hands.
You are incapable of wielding weapons or throwing items.
You are too large for most types of armour.
((You have claws for hands.))
Your natural rate of healing is unusually fast.
You are covered in fur. (AC +1)
You have tough skin. (AC +1)


Message History

You can no longer pass through a line of other dancers.
There is a staircase back to the Dungeon, spattered with blood here.
The death yak gores you!
You climb upwards.
Welcome back to the Dungeon!
There is a staircase to the Lair here.
You shred the death yak!!!
You kill the death yak!
You see here a death yak corpse.
You see here a death yak corpse.
Unknown command.
There is a staircase to the Lair here.
You start resting.
HP restored.
Okay, then.
Okay, then.
You climb downwards.
Welcome back to the Lair of Beasts!
The death yak gores you! x4; The death yak closely misses you.
The death yak gores you!!
* * * LOW HITPOINT WARNING * * *
The death yak gores you!!
* * * LOW HITPOINT WARNING * * *
There is a staircase back to the Dungeon, spattered with blood here.
Unknown command.
Unknown command.
Okay, then.
Okay, then.
Okay, then.
Unknown command.
As you read the scroll labelled DIAFETHRURIL, it crumbles to dust.
You hear a loud clanging noise!
It was a scroll of noise.
You hear a loud, deep croak!
You hear a trumpeting!
You hear a loud, deep croak!
You hear an angry hiss.
You hear a loud, deep croak!
The death yak gores you!
* * * LOW HITPOINT WARNING * * *
The death yak gores you!
* * * LOW HITPOINT WARNING * * *
The death yak gores you!!
You die...

## ### #####
######P##.###...######..
........................
........................
........................
......YY................
......Y@Y.....^.........
###.#################...
## ... #.


You could see 4 death yaks.

Vanquished Creatures
  Nessos (D:12)
  Harold (D:9)
  A centaur warrior (D:13)
  3 two-headed ogres
  A death yak (D:8)
  2 boulder beetles
  2 tengu warriors (D:13)
  Amaemon (D:9)
  An orc knight (D:11)
  A deep elf pyromancer (D:12)
  An ugly thing (D:11)
  2 cyclopes
  A manticore (D:12)
  A gargoyle (D:12)
  2 unseen horrors
  An orange demon (D:9)
  2 unseen horror zombies (D:9)
  A kobold demonologist (D:13)
  3 komodo dragons
  2 tengu conjurers (D:13)
  Psyche (D:11)
  5 trolls
  A hornet (D:9)
  A polar bear (Bailey)
  Grinder (D:4)
  6 slime creatures (D:12)
  Sigmund (D:4)
  A wraith (D:13)
  3 shadows
  30 yaks
  2 wyverns (D:11)
  9 vampire mosquitoes
  4 acid dragons
  A black bear (D:6)
  2 sky beasts (D:7)
  An ice beast (D:7)
  2 laughing skulls (D:13)
  3 ogres
  13 orc warriors
  4 wolves (D:8)
  7 centaurs
  A phantom (D:5)
  2 bullfrogs
  3 kobold brigands
  A brain worm (shapeshifter) (D:13)
  A gnoll sergeant (D:7)
  A scorpion (D:6)
  5 wights (D:9)
  9 killer bees
  3 howler monkeys
  2 bombardier beetles
  2 electric eels (D:8)
  A centaur zombie (D:9)
  14 orc priests
  9 hounds
  3 jellies
  4 sleepcaps
  4 iguanas
  Natasha (thrice) (D:4)
  8 orc wizards
  5 howler monkey zombies (D:9)
  Robin (D:2)
  12 gnolls
  11 adders
  A shadow imp (D:5)
  A white imp (D:5)
  An ufetubus (D:5)
  A ribbon worm (D:4)
  2 dart slugs
  66 orcs
  10 endoplasms
  2 giant cockroaches
  14 goblins
  17 hobgoblins
  2 jackals (D:4)
  6 quokkas
  3 ball pythons
  6 bats
  5 frilled lizards
  20 kobolds
  A kobold skeleton (D:7)
  4 rats
  A spectral hobgoblin (D:3)
396 creatures vanquished.

Notes
Turn   | Place    | Note
-------+----------+-------------------------------------------
     0 | D:1      | Cheops the Troll Shapeshifter began the quest for the Orb.
     0 | D:1      | Reached XP level 1. HP: 18/18 MP: 0/0
   159 | D:1      | Reached XP level 2. HP: 26/26 MP: 1/1
   837 | D:2      | Reached XP level 3. HP: 29/32 MP: 2/2
   865 | D:2      | Found an iron altar of Okawaru.
   918 | D:2      | Identified the +3 ring mail of Courage {+Blink}
  1031 | D:2      | Found a faded altar of an unknown god.
  1199 | D:2      | Noticed Robin
  1203 | D:2      | Reached XP level 4. HP: 40/40 MP: 3/3
  1391 | D:2      | Killed Robin
  1506 | D:2      | Reached skill level 4 in Unarmed Combat
  1876 | D:3      | Found a hazy altar of Hepliaklqana.
  2382 | D:3      | Identified a scroll of acquirement
  2385 | D:3      | Acquired a +4 ring of protection
  2423 | D:4      | Noticed Sigmund
  2433 | D:4      | Killed Sigmund
  2434 | D:4      | Reached skill level 5 in Shapeshifting
  2434 | D:4      | Reached XP level 5. HP: 38/46 MP: 4/4
  2434 | D:4      | Reached XP level 6. HP: 44/54 MP: 5/5
  2494 | D:4      | Found a shadowy altar of Dithmenos.
  2494 | D:4      | Found a radiant altar of Vehumet.
  2495 | D:4      | Found a glowing silver altar of Zin.
  2515 | D:4      | Found a stormy altar of Qazlal.
  2534 | D:4      | Noticed Natasha
  2563 | D:4      | Killed Natasha
  2662 | D:4      | Reached skill level 5 in Unarmed Combat
  2684 | D:4      | Noticed Grinder
  2700 | D:4      | Killed Grinder
  2701 | D:4      | Reached XP level 7. HP: 46/61 MP: 6/6
  2714 | D:4      | Noticed Natasha
  2720 | D:4      | Killed Natasha
  2757 | D:4      | Noticed Natasha
  2762 | D:4      | Killed Natasha
  3115 | D:5      | Entered Level 5 of the Dungeon
  3115 | D:5      | Noticed a +0 dagger
  3115 | D:5      | Noticed a +0 falchion
  3115 | D:5      | Noticed a +0 short sword
  3115 | D:5      | Noticed a +0 falchion
  3115 | D:5      | Noticed a +0 spear
  3115 | D:5      | Noticed a +0 short sword
  3115 | D:5      | Noticed a +0 dagger
  3115 | D:5      | Noticed a +0 spear
  3115 | D:5      | Found a hide-covered altar of Uskayaw.
  3364 | D:5      | Reached skill level 6 in Unarmed Combat
  3391 | D:5      | Reached skill level 7 in Unarmed Combat
  3391 | D:5      | Reached XP level 8. HP: 42/68 MP: 5/7
  3585 | D:5      | Found a sparkling altar of Nemelex Xobeh.
  3635 | D:5      | Found a broken altar of Ashenzari.
  3703 | D:5      | Reached skill level 8 in Unarmed Combat
  4129 | D:5      | Became a worshipper of Uskayaw the Reveller
  4167 | D:6      | Reached * piety under Uskayaw
  4169 | D:6      | Reached ** piety under Uskayaw
  4175 | D:6      | Reached *** piety under Uskayaw
  4178 | D:6      | Reached **** piety under Uskayaw
  4182 | D:6      | Reached skill level 9 in Unarmed Combat
  4242 | D:6      | Found a snail-covered altar of Cheibriados.
  4357 | D:6      | Reached XP level 9. HP: 54/75 MP: 6/8
  4419 | D:6      | Found a staircase to the Ecumenical Temple.
  4801 | D:7      | Acquired the ring of Fedhas's Approval {Ice rN+}
  4803 | D:7      | Acquired 634 gold pieces
  4810 | D:7      | Acquired the +0 robe of Boantupe {rF+ rCorr SInv}
  4833 | D:7      | Found a runed translucent door.
  4837 | D:7      | Found a basalt altar of Yredelemnul.
  4860 | D:7      | Reached ***** piety under Uskayaw
  4929 | D:7      | Reached skill level 10 in Unarmed Combat
  4952 | D:7      | Found a flagged portal.
  5041 | Bailey   | Entered a bailey
  5236 | Bailey   | Noticed an orc knight
  5291 | Bailey   | an orc knight changed into a polar bear
  5291 | Bailey   | Noticed a polar bear
  5297 | Bailey   | Killed a polar bear
  5298 | Bailey   | Reached skill level 11 in Unarmed Combat
  5353 | Bailey   | Reached skill level 1 in Evocations
  5570 | D:7      | Found Ucredwimm's Jewellery Boutique.
  5575 | D:7      | Bought a serpent talisman for 420 gold pieces
  5614 | D:7      | Reached XP level 10. HP: 81/83 MP: 7/9
  6200 | D:8      | Reached skill level 1 in Invocations
  6347 | D:8      | Found a staircase to the Lair.
  6788 | D:9      | Reached skill level 10 in Shapeshifting
  6820 | D:9      | Reached skill level 5 in Invocations
  6937 | D:9      | Noticed Harold
  6952 | D:9      | Killed Harold
  7030 | D:9      | Reached XP level 11. HP: 89/89 MP: 12/14
  7061 | D:9      | Noticed a two-headed ogre
  7075 | D:9      | Killed a two-headed ogre
  7248 | D:9      | Found Xall's Antique Weapon Emporium.
  7309 | D:9      | Reached ****** piety under Uskayaw
  7449 | D:9      | Noticed Amaemon
  7454 | D:9      | Killed Amaemon
  7527 | D:9      | Found a sparkling altar of Nemelex Xobeh.
  7527 | D:9      | Found a bloodstained altar of Trog.
  7697 | D:10     | Entered Level 10 of the Dungeon
  8078 | D:10     | Reached skill level 12 in Unarmed Combat
  8896 | D:11     | Noticed a boulder beetle
  8911 | D:11     | Killed a boulder beetle
  8912 | D:11     | Reached XP level 12. HP: 91/97 MP: 10/17
  9021 | D:11     | Found Pios's Antique Armour Boutique.
  9067 | D:11     | Noticed a two-headed ogre
  9072 | D:11     | Killed a two-headed ogre
  9125 | D:11     | Found a staircase to the Orcish Mines.
  9172 | D:11     | Reached skill level 13 in Unarmed Combat
  9324 | D:11     | Noticed Psyche
  9328 | D:11     | Killed Psyche
  9714 | D:12     | Noticed Boumedi's ghost (journeyman DjHW)
 10131 | D:12     | Noticed a boulder beetle
 10136 | D:12     | Killed a boulder beetle
 10203 | D:12     | Found a transporter.
 10208 | D:12     | Found a transporter.
 10293 | D:13     | Found Yrhaboett's Distillery.
 10296 | D:13     | Bought a potion of curing for 45 gold pieces
 10296 | D:13     | Bought a potion of degeneration for 15 gold pieces
 10296 | D:13     | Bought a potion of heal wounds for 75 gold pieces
 10296 | D:13     | Bought a potion of might for 60 gold pieces
 10296 | D:13     | Bought a potion of attraction for 45 gold pieces
 10311 | D:13     | Found Faoreigu's General Store.
 10312 | D:13     | Noticed Nessos
 10360 | D:12     | Killed Nessos
 10449 | D:13     | Found Tuad's Assorted Antiques.
 10455 | D:13     | Noticed a tengu warrior
 10486 | D:13     | Killed a tengu warrior
 10521 | D:13     | Bought a scroll of identify for 46 gold pieces
 10624 | D:13     | Noticed a centaur warrior
 10638 | D:13     | Killed a centaur warrior
 10747 | D:13     | Found Asulyd's Book Shop.
 10792 | D:13     | Noticed a tengu warrior
 10814 | D:13     | Killed a tengu warrior
 10817 | D:13     | Reached skill level 14 in Unarmed Combat
 10943 | D:13     | Reached XP level 13. HP: 101/101 MP: 18/18
 10998 | D:13     | Found Awkav's Distillery.
 11233 | Lair:1   | Entered Level 1 of the Lair of Beasts
 11305 | Lair:1   | Demolished by a death yak

Illustrated notes

Levels and vault maps discovered:
D:1:      dpeg_chamrin_arrival_tetris, layout_basic, kennysheep_pointless_box,
          minmay_heptomino_o4
D:2:      cheibrodos_helix_gallery, layout_loops_ring, basic_altar,
          hellmonk_ecumenical_altar_heavens_door, minivault_4,
          kennysheep_decorative_pillar, hangedman_decor_lopped, uniq_robin
D:3:      layout_basic, nicolae_hepliaklqana_monster_ancestors,
          minmay_misc_feat_enclosed
D:4:      layout_rooms, nicolae_overflow_quartered_altars,
          uniq_crazy_yiuf_cottage, uniq_grinder, uniq_natasha, uniq_sigmund
D:5:      layout_basic, evilmike_ruin_ashenzari, nicolae_uskayaw_en_pointe,
          minmay_ruined_shrine
D:6:      layout_cave_pools, kennysheep_slug_shrine,
          minmay_temple_entry_enclosed_plants
D:7:      layout_basic, dk_yredelemnul_ordeal, enter_bailey_5, serial_shops,
          kennysheep_mini_moat
D:8:      layout_loops_ring, erik_lair_island, serial_bayou_pond_e
D:9:      layout_loops_ring, gammafunk_temple_overflow_elements, serial_shops,
          shop, serial_undead, serial_undead_f, serial_undead_a,
          serial_undead_f, serial_undead_c, serial_undead_e, serial_undead_a,
          uniq_harold, uniq_amaemon
D:10:     layout_loops_cross, serial_rivers, chequers_serial_rivers_large_a,
          chequers_serial_rivers_small_3, chequers_serial_rivers_marsh,
          chequers_serial_rivers_micro_e, chequers_serial_rivers_room_a,
          chequers_serial_rivers_marsh, special_room [special_room_orc]
D:11:     layout_loops_ring, david_orc_5, serial_shops, shop,
          minmay_misc_feat_tiny, uniq_psyche
D:12:     layout_rooms, gammafunk_ghost_hive
D:13:     layout_roguey, serial_shops, nicolae_square_shop,
          nicolae_shop_overgrown_old_shop, nicolae_stop_n_shop_2,
          kennysheep_mini, shop, uniq_nessos
Lair:1:   layout_hall_layers, serial_bayou_shore_a

Skill      XL: |  1  2  3  4  5  6  7  8  9 10 11 12 |
---------------+-------------------------------------+-----
Shapeshifting  | 4 5 6 7 8 10 11 13 | 13.6
Unarmed Combat | 4 5 7 9 11 12 14 | 14.1
Evocations     | 1 2 |  2.0
Invocations    | 6 9 |  9.1
Fighting       | |  0.7
Dodging        | |  1.5

Action                     |  1- 3 |  4- 6 |  7- 9 | 10-12 | 13-15 || total
---------------------------+-------+-------+-------+-------+-------++-------
  Melee: Unarmed           |    76 |   110 |   330 |   516 |    18 ||  1050
         Punch             |     4 |     3 |       |       |     1 ||     8
         Constrict         |       |       |       |    88 |     1 ||    89
Ability: Begin Untransform |       |     2 |     6 |     7 |     1 ||    16
  Evoke: Wand              |       |       |    13 |     7 |       ||    20
    Use: Scroll            |       |     8 |     7 |     7 |     2 ||    24
         Potion            |       |       |     1 |     1 |       ||     2
   Stab: Sleeping          |     2 |     2 |       |       |       ||     4
         Paralysed         |       |       |    10 |    33 |     2 ||    45
         Distracted        |       |       |       |     1 |       ||     1
 Armour: Animal skin       |    74 |   134 |     8 |       |       ||   216
         Skin              |       |       |   216 |   433 |     2 ||   651
         Robe              |       |       |       |     8 |       ||     8
         Troll leather arm |       |       |       |       |    17 ||    17
  Dodge: Dodged            |    39 |    74 |   212 |   197 |     3 ||   525
   Form: Beast             |     1 |     2 |     4 |       |       ||     7
         Dragon            |     1 |       |       |       |       ||     1
         Flux              |       |       |     7 |     1 |       ||     8
         Maw               |       |       |     1 |       |       ||     1
         Serpent           |       |       |       |     8 |       ||     8
         Blade             |       |       |       |       |     1 ||     1
